 Dungeon Crawl Stone Soup version 0.13-a0-1536-gedae9ec (webtiles) character file.

1060 Kae the Sneak (level 7, -1/32 HPs)
             Began as a Spriggan Enchanter on June 9, 2013.
             Killed from afar by an orc wizard (8 damage)
             ... with a puff of flame
             ... on Level 5 of the Dungeon.
             The game lasted 00:10:21 (6036 turns).

Kae the Sneak (Spriggan Enchanter)                  Turns: 6036, Time: 00:10:21

HP  -1/32        AC  3     Str  6      XL: 7   Next: 90%
MP   9/21        EV 18     Int 16      God:
Gold 108         SH  0     Dex 17      Spells:  2 memorised,  9 levels left

Res.Fire  : . . .   See Invis. : +   a - +1 dagger {=f}
Res.Cold  : . . .   Warding    : .   b - +1 robe
Life Prot.: . . .   Conserve   : .   (shield restricted)
Res.Poison: .       Res.Corr.  : .   (helmet restricted)
Res.Elec. : .       Clarity    : .   (no cloak)
Sust.Abil.: . .     Spirit.Shd : .   (gloves unavailable)
Res.Mut.  : .       Stasis     : .   (boots unavailable)
Res.Rott. : .       Flight     : .   s - amulet of rage
Saprovore : . . .                    (no ring)
                                     (no ring)

@: very slightly contaminated, very quick, somewhat resistant to hostile
enchantments, very stealthy
A: unfitting armour, see invisible, herbivore 3, speed 3, slow metabolism 2
a: Evoke Berserk Rage


You were on level 5 of the Dungeon.
You were not hungry.

You visited 1 branch of the dungeon, and saw 5 of its levels.

You collected 88 gold pieces.

Inventory:

Hand weapons
 a - a +1,+1 dagger (weapon) {=f}
Missiles
 d - 11 darts (quivered)
Armour
 b - a +1 robe (worn)
Magical devices
 e - a wand of flame (14)
 n - a wand of magic darts (4)
 q - a wand of polymorph (11)
 y - a wand of disintegration (0)
Comestibles
 v - 3 meat rations
Scrolls
 f - 2 scrolls of teleportation
 i - 5 scrolls of identify
 l - a scroll of magic mapping
Jewellery
 s - an amulet of rage (around neck)
Potions
 h - a potion of heal wounds {unknown}
 j - a potion of cure mutation {unknown}
 m - a potion of might {unknown}
 p - a potion of curing {unknown}
 r - a potion of poison {unknown}
 w - 2 potions of resistance
Books
 c - a book of Maledictions

   Spells                             Type                      Level
   Corona                             Hexes                        1
   Sure Blade                         Hexes/Charms                 2
   *Ensorcelled Hibernation           Hexes/Ice                    2
   *Confuse                           Hexes                        3
   Enslavement                        Hexes                        4
   Invisibility                       Hexes                        6
 t - a book of Flames

   Spells                             Type                      Level
   Flame Tongue                       Conjuration/Fire             1
   Throw Flame                        Conjuration/Fire             2
   Conjure Flame                      Conjuration/Fire             3
   Inner Flame                        Hexes/Fire                   3
   Sticky Flame                       Conjuration/Fire             4
   Fireball                           Conjuration/Fire             5


   Skills:
 * Level 4.9 Short Blades
 - Level 1.1 Throwing
 - Level 3.0 Dodging
 + Level 7.4 Stealth
 + Level 4.3 Spellcasting
 * Level 7.1 Hexes


You had 9 spell levels left.
You knew the following spells:

 Your Spells              Type           Power        Failure   Level  Hunger
b - Ensorcelled Hibernat  Hex/Ice        ##....       8%          2    ##.....
c - Confuse               Hex            ####....     2%          3    ###....


Dungeon Overview and Level Annotations

Branches:
Dungeon (5/27)
 Temple: D:4-7

Altars:
Trog
Xom

Annotations
D:4 Eustachio


Innate Abilities, Weirdness & Mutations

You are tiny and cannot use many weapons and most armour.
You have supernaturally acute eyesight.
You are a herbivore.
You cover ground extremely quickly.
You need consume almost no food.


Message History

There is a stone staircase leading up here.
Unknown command.
Unknown command.
You start resting.
You start to feel less resistant.
You start resting.
Your resistance to elements expires.
You start resting.
You start resting.
Casting: Ensorcelled Hibernation
Confirm with . or Enter, or press ? or * to list all spells.
Aiming: Confuse
Press: ? - help, Shift-Dir - straight line, f - orc wizard
Aim: an orc wizard, wielding an orcish dagger and wearing an orcish robe You miscast Confuse.
You are very lightly contaminated with residual magic.
Multicoloured lights dance before your eyes!
The orc wizard gestures at you while chanting.
The puff of flame hits you!
Your scroll of recharging catches fire!
You die...

#.....# ........
#.....# #........
#.....# #........
#.....######........
###...................
.......)..............
####..................
#.......#..........
#.@....###.........
#.<....# #.....)...
#....### ###....)##
#...## ##..)##
#....### ##..#).#
#......# #...###...
#......###.## ###.
#.......#..# #.
###..o......# #


You could see an orc wizard.

Vanquished Creatures
  3 ogres
  A centaur (D:5)
  A giant frog skeleton (D:4)
  2 crimson imps
  An ogre skeleton (D:4)
  An orc priest (D:5)
  3 orc wizards (D:5)
  4 worker ants
  Ijyb (D:2)
  A jelly (D:5)
  4 gnolls
  6 adders
  An adder skeleton (D:5)
  An inept feature mimic (D:3)
  2 worms
  An ooze (D:3)
  7 giant geckos
  A gnoll skeleton (D:5)
  11 orcs
  A ball python (D:4)
  9 bats
  11 hobgoblins
  9 jackals
  11 kobolds
  A quokka (D:4)
  4 giant cockroaches
  4 giant newts
  8 goblins
  A quokka zombie (D:5)
  11 rats
  A rat skeleton (D:4)
123 creatures vanquished.

Notes
Turn   | Place    | Note
--------------------------------------------------------------
     0 | D:1      | Kae, the Spriggan Enchanter, began the quest for the Orb.
     0 | D:1      | Reached XP level 1. HP: 9/9 MP: 4/4
   204 | D:1      | Reached XP level 2. HP: 13/13 MP: 6/6
   223 | D:1      | Reached skill level 4 in Hexes
   313 | D:1      | Learned a level 2 spell: Ensorcelled Hibernation
   634 | D:1      | Reached XP level 3. HP: 13/16 MP: 3/9
  1496 | D:2      | Reached XP level 4. HP: 18/21 MP: 6/12
  1659 | D:2      | Noticed Ijyb
  1959 | D:2      | Killed Ijyb
  2495 | D:3      | Reached skill level 5 in Stealth
  2764 | D:3      | Reached skill level 5 in Hexes
  2769 | D:3      | Reached XP level 5. HP: 9/24 MP: 10/15
  3745 | D:4      | Noticed an ogre
  3771 | D:4      | Killed an ogre
  3771 | D:4      | Reached XP level 6. HP: 28/28 MP: 13/18
  3949 | D:4      | Reached skill level 6 in Stealth
  4040 | D:4      | Learned a level 3 spell: Confuse
  4133 | D:4      | Found a bloodstained altar of Trog.
  4427 | D:4      | Noticed an ogre
  4508 | D:4      | Killed an ogre
  4653 | D:4      | Reached XP level 7. HP: 28/32 MP: 17/20
  4889 | D:5      | Entered Level 5 of the Dungeon
  5003 | D:5      | Reached skill level 7 in Stealth
  5037 | D:5      | Found a shimmering altar of Xom.
  5259 | D:5      | Noticed Eustachio
  6036 | D:5      | Killed from afar by an orc wizard

Action                   |  1- 3 |  4- 6 |  7- 9 || total
-------------------------+-------+-------+-------++-------
Melee: Dagger            |   130 |   164 |    95 ||   389
Throw: Dart              |       |     2 |       ||     2
 Cast: Ensorcelled Hiber |    16 |    33 |    40 ||    89
       Corona            |       |     2 |       ||     2
       Confuse           |       |     1 |     6 ||     7
Evoke: Wand              |       |       |     7 ||     7
  Use: Potion            |       |     1 |     1 ||     2
       Scroll            |       |       |    11 ||    11
 Stab: Sleeping          |    13 |    31 |    24 ||    68
       Confused          |       |     1 |     3 ||     4
       Distracted        |       |       |     2 ||     2
